 Dungeon Crawl Stone Soup version 0.31.0-32-g396128a36d (webtiles) character file.

Game seed: 14580053611494315550

25283 Minsecho the Cleaver (level 13, -2/100 HPs)
             Began as a Formicid Fighter on Mar 10, 2024.
             Was a High Priest of Lugonu.
             Slain by a vault guard
             ... wielding a +1 halberd
              (14 damage)
             ... on level 14 of the Dungeon.
             The game lasted 00:35:44 (12243 turns).

Minsecho the Cleaver (Formicid Fighter)            Turns: 12243, Time: 00:35:45

Health: -2/100     AC: 19    Str: 23    XL:     13   Next: 49%
Magic:  16/18      EV: 16    Int:  4    God:    Lugonu [*****.]
Gold:   574        SH:  0    Dex: 25    Spells: 12/12 levels left

rFire   . . .        T - +2 battleaxe (flame)
rCold   . . .        c - +0 buckler
rNeg    . . .        m - +5 chain mail "Muumpad" {rElec Regen+ Int-3}
rPois   .            (helmet unavailable)
rElec   +            G - +1 cloak
rCorr   .            B - +0 pair of gloves
SInv    +            (no boots)
Will    .....        R - amulet of reflection Stlth
                     r - +6 ring of dexterity
HPRegen 1.16/turn    D - +5 ring of evasion
MPRegen 0.16/turn

%: reflection
@: confused, weak-willed, ambrosia-drunk
A: permanent stasis, dig shafts and tunnels, antennae 3, four strong arms, agile
1
a: Dig, Shaft Self, Renounce Religion, Depart the Abyss, Banish, Corrupt, Enter
the Abyss


You were on level 14 of the Dungeon.
You worshipped Lugonu.
Lugonu was extremely pleased with you.
You visited 1 branch of the dungeon, and saw 14 of its levels.
You visited the Abyss 1 time.
You also visited: Gauntlet.

You collected 790 gold pieces.
You spent 216 gold pieces at shops.

Inventory:

Hand Weapons
 d - a +0 battleaxe of freezing
 l - the +2 hand axe of Wyleq {freeze, rElec Str+3 Dex+3}
   (You found it on level 2 of the Dungeon)

   Str+3:     It affects your strength (+3).
   Dex+3:     It affects your dexterity (+3).
   rElec:     It insulates you from electricity.
 F - the +5 shortbow of Ofon {heavy, ^Contam rC+ rN+}
   (You found it in a Gauntlet)

   rC+:       It protects you from cold.
   rN+:       It protects you from negative energy.
   ^Contam:   It causes magical contamination when unequipped.
 M - a +2 war axe of venom
 S - a +0 scimitar of flaming
 T - a +2 battleaxe of flaming (weapon)
Missiles
 j - 2 curare-tipped darts (quivered)
 V - 3 javelins
Armour
 b - a +0 scale mail
 c - a +0 buckler (worn)
 m - the +5 chain mail "Muumpad" (worn) {rElec Regen+ Int-3}
   (You found it on level 2 of the Dungeon)

   Int-3:     It affects your intelligence (-3).
   rElec:     It insulates you from electricity.
   Regen+:    It increases your rate of health regeneration.
 B - a +0 pair of gloves (worn)
 G - a +1 cloak (worn)
Jewellery
 i - a ring of flight
 r - a +6 ring of dexterity (left hand)
 v - a ring of ice
 y - a ring of poison resistance
 D - a +5 ring of evasion (right hand)
 R - an amulet of reflection (around neck)
 U - a ring of willpower
Wands
 t - a wand of quicksilver (3)
 w - a wand of roots (40)
 J - a wand of polymorph (13)
 O - a wand of charming (12)
 P - a wand of digging (4)
 W - a wand of flame (8)
Scrolls
 a - 3 scrolls of noise {unknown}
 e - 3 scrolls of enchant weapon {unknown}
 f - a scroll of poison
 h - 2 scrolls of silence {unknown}
 k - 3 scrolls of acquirement {unknown}
 n - a scroll of fog
 o - 5 scrolls of fear
 p - a scroll of brand weapon
 s - 6 scrolls of amnesia {unknown}
 u - 3 scrolls of revelation {unknown}
 x - 3 scrolls of enchant armour {unknown}
 C - 2 scrolls of immolation {unknown}
 H - 2 scrolls of vulnerability {unknown}
 N - 2 scrolls of blinking {unknown}
Potions
 g - 4 potions of mutation
 q - 3 potions of lignification
 z - 2 potions of brilliance
 E - a potion of ambrosia
 I - 3 potions of haste {unknown}
 K - 2 potions of attraction
 L - 3 potions of might
 Q - 2 potions of magic
 X - a potion of cancellation


   Skills:
 + Level 8.8 Fighting
 - Level 3.1 Long Blades
 * Level 14.4 Axes
 + Level 6.0 Throwing
 + Level 8.4 Armour
 + Level 3.5 Dodging
 + Level 2.7 Stealth
 + Level 9.6 Shields
 * Level 7.3 Invocations
 + Level 5.2 Evocations


You had 12 spell levels left.
You didn't know any spells.
Your spell library contained the following spells:

 Spells                   Type           Power      Damage    Failure   Level
 Necrotise                Necr           0%         1d4       97%         1
 Sting                    Conj/Alch      0%         1d3       97%         1
 Jinxbite                 Hex            0%         N/A       99%         2
 Lesser Beckoning         Tloc           0%         N/A       99%         2
 Sublimation of Blood     Necr           0%         N/A       99%         2
 Call Canine Familiar     Summ           0%         N/A       100%        3
 Inner Flame              Hex/Fire       0%         N/A       100%        3
 Sigil of Binding         Hex            0%         N/A       100%        3
 Vampiric Draining        Necr           0%         2d6       100%        3
 Volatile Blastmotes      Fire/Tloc      0%         2d10      100%        3
 Dimensional Bullseye     Hex/Tloc       0%         N/A       100%        4
 Flame Wave               Conj/Fire      0%         2d4       100%        4
 Fulminant Prism          Conj/Alch      0%         3d5       100%        4
 Iskenderun's Mystic Bla  Conj/Tloc      0%         2d3       100%        4
 Martyr's Knell           Necr/Summ      0%         N/A       100%        4
 Petrify                  Alch/Erth      0%         N/A       100%        4
 Sticky Flame             Fire/Alch      0%         2d4       100%        4
 Curse of Agony           Necr           0%         N/A       100%        5
 Irradiate                Conj/Alch      0%         3d11      100%        5
 Silence                  Hex/Air        0%         N/A       100%        5
 Yara's Violent Unravell  Hex/Alch       0%         3d3       100%        5
 Enfeeble                 Hex            0%         N/A       100%        7
 Malign Gateway           Summ/Tloc      0%         N/A       100%        7


Dungeon Overview and Level Annotations

Branches:
Dungeon (14/15)            Temple (0/1) D:7            Lair (0/5) D:8
    Orc (0/2) D:12         Vaults (0/5) D:14        Gauntlet (visited)

Altars:
Xom
Zin

Shops:
D:1 !   D:6 *   D:8 [   D:9 [

Annotations:
D:3 3 runed translucent doors, Zeo's ghost, amateur SpBr
D:6 2 transporters
D:14 corrupted


Innate Abilities, Weirdness & Mutations

You cannot be hasted, slowed, berserked, paralysed or teleported.
You can dig through walls and to a lower floor.
You have a pair of large antennae on your head. (SInv)
Your four strong arms can wield two-handed weapons with a shield.
You are agile. (Dex +4, Str/Int -1)


Message History

You barely miss the red ugly thing.
The grasping roots constrict the green ugly thing.
The grasping roots constrict the vault guard!
The grasping roots constrict the centaur warrior!
The centaur warrior struggles to escape constriction.
The small abomination hits the red ugly thing.
The efreet gestures at the centaur warrior.
The fireball explodes!
The fireball engulfs the centaur warrior!!
The centaur warrior dies!
The fireball engulfs the efreet.
The efreet completely resists.
The fireball engulfs the green ugly thing!!
The fireball engulfs the vault guard!!
The green ugly thing struggles to escape constriction.
You block the large abomination's attack.
The red ugly thing bites you.
* * * LOW HITPOINT WARNING * * *
You are engulfed in flames!!
* * * LOW HITPOINT WARNING * * *
The vault guard closely misses you.
Unknown command.
Unknown command.
You are confused.
You feel invigorated.
The grasping roots constrict the green ugly thing.
The grasping roots constrict the vault guard!
The roots release their grip on the green ugly thing.
The roots release their grip on the vault guard.
The laughing skull gibbers with scorn.
The bolt of negative energy hits the small abomination.
The small abomination completely resists.
The bolt of negative energy misses the red ugly thing.
The bolt of negative energy hits the green ugly thing!!
The green ugly thing is drained!
The small abomination hits you but does no damage.
The small abomination hits the red ugly thing!
The green ugly thing basks in the mutagenic energy from its kin and changes!
The cacodemon hits the red ugly thing!
The cacodemon hits the red ugly thing.
The vault guard hits you from afar with a +1 halberd!
You die...

#... #.## .... #####
...#.. #.... ...... #....
## ## ##...... #.... .## u
##.....#. #....
#..{#.###...... #####
...(p.#@x...###+# ###
..∩))uu2X...#...# #..
.!.☼Rp#x..#.....# #..
#..†#.##...#....#....#..
...☼. ##z......#....#..
##+## ###.....#....#..
##...## ##.###+##....##.
##.....####.............#'
#.......##..............#.


You could see a vault guard, 2 ugly things, a neutral cacodemon (summoned,
distracted), a neutral large abomination (summoned, distracted, weak-willed), a
neutral efreet (summoned, distracted), 2 neutral small abominations and a
neutral laughing skull (summoned, distracted).

Vanquished Creatures
  Jorgrun (D:12)
  Gastronok (D:11)
  A minotaur (Gauntlet)
  A hydra (D:14)
  A catoblepas (D:14)
  2 centaur warriors (D:13)
  3 two-headed ogres
  Erica (D:9)
  A tengu warrior (D:13)
  A hell hog (Gauntlet)
  A deep elf pyromancer (D:13)
  An arcanist (D:13)
  5 ugly things
  3 manticores
  2 cyclopes
  A gargoyle (D:10)
  A kobold demonologist (D:13)
  An unseen horror (D:11)
  5 trolls
  A centaur simulacrum (Gauntlet)
  Sigmund (D:3)
  A water elemental (D:12)
  A vampire (D:13)
  2 wyverns
  A steam dragon (D:9)
  2 fire bats (Gauntlet)
  3 vampire mosquitoes (D:13)
  An acid dragon (D:12)
  3 hell hounds (Gauntlet)
  4 water moccasins
  2 black bears (D:5)
  2 ice beasts
  4 orc warriors
  2 sky beasts
  2 wolves (D:8)
  8 centaurs
  A kobold brigand (D:8)
  A phantom (D:5)
  5 bullfrogs
  2 gnoll sergeants
  8 scorpions
  10 wights
  22 killer bees
  2 electric eels (D:12)
  8 howler monkeys
  A jelly (D:5)
  8 orc priests
  A hound (D:4)
  4 bombardier beetles
  3 gnoll boudas
  2 sleepcaps
  7 iguanas
  Natasha (D:4)
  17 orc wizards
  Robin (D:2)
  20 gnolls
  3 adders (D:3)
  A shadow imp (D:6)
  2 white imps
  2 ribbon worms
  4 dart slugs
  58 orcs
  10 ball pythons
  13 endoplasms
  2 giant cockroaches
  20 goblins
  12 hobgoblins
  2 jackals (D:3)
  5 quokkas
  5 bats
  A frilled lizard (D:2)
  7 kobolds
  5 rats
349 creatures vanquished.

Vanquished Creatures (collateral kills)
  2 wolf spider simulacra (Gauntlet)
  An ice dragon simulacrum (Gauntlet)
3 creatures vanquished.

Vanquished Creatures (others)
  3 vault guards (D:14)
  A centaur warrior (D:14)
  A manticore (D:14)
  A gargoyle (D:14)
  A slime creature (D:14)
  A vampire mosquito (D:14)
  An orc wizard (D:8)
9 creatures vanquished.

Grand Total: 361 creatures vanquished

Notes
Turn   | Place    | Note
-------+----------+-------------------------------------------
     0 | D:1      | Minsecho the Formicid Fighter began the quest for the Orb.
     0 | D:1      | Reached XP level 1. HP: 18/18 MP: 1/1
   119 | D:1      | Reached XP level 2. HP: 18/24 MP: 2/2
   322 | D:1      | Reached XP level 3. HP: 20/29 MP: 3/3
   445 | D:1      | Found Kusiucoet's Distillery.
   567 | D:1      | Found a faded altar of an unknown god.
  1177 | D:2      | Reached XP level 4. HP: 36/37 MP: 4/4
  1238 | D:2      | Found a shimmering altar of Xom.
  1240 | D:2      | Noticed Robin
  1311 | D:2      | Killed Robin
  1458 | D:2      | Identified the +2 hand axe of Wyleq {freeze, rElec Str+3
                  | Dex+3}
  1463 | D:2      | Identified the +5 chain mail "Muumpad" {rElec Regen+ Int-3}
  1745 | D:3      | Found a runed translucent gate.
  1746 | D:3      | Found a runed translucent gate.
  1748 | D:3      | Found a runed translucent gate.
  1748 | D:3      | Noticed Zeo's ghost (amateur SpBr)
  1764 | D:3      | Reached XP level 5. HP: 42/42 MP: 5/5
  1832 | D:3      | Reached skill level 1 in Axes
  2027 | D:3      | Reached skill level 1 in Dodging
  2248 | D:3      | Noticed Sigmund
  2279 | Abyss:2  | Cast into level 2 of the Abyss (Sigmund)
  2311 | Abyss:2  | Found a corrupted altar of Lugonu.
  2314 | Abyss:2  | Became a worshipper of Lugonu the Unformed
  2314 | Abyss:2  | Reached * piety under Lugonu
  2314 | Abyss:2  | Reached ** piety under Lugonu
  2316 | D:3      | Escaped the Abyss
  2321 | D:3      | Killed Sigmund
  2322 | D:3      | Reached skill level 3 in Axes
  2322 | D:3      | Reached XP level 6. HP: 43/48 MP: 4/6
  2740 | D:4      | Noticed a water moccasin
  2748 | D:4      | Killed a water moccasin
  2749 | D:4      | Reached skill level 5 in Shields
  2749 | D:4      | Reached XP level 7. HP: 55/55 MP: 7/7
  2847 | D:4      | Reached skill level 4 in Axes
  2940 | D:4      | Noticed Natasha
  2945 | D:4      | Killed Natasha
  3077 | D:5      | Entered Level 5 of the Dungeon
  3121 | D:5      | Reached skill level 5 in Axes
  3159 | D:5      | Reached XP level 8. HP: 53/61 MP: 8/8
  3177 | D:5      | Reached skill level 5 in Armour
  3226 | D:5      | Reached skill level 6 in Axes
  3238 | D:5      | Reached skill level 5 in Fighting
  3499 | D:5      | Reached skill level 7 in Axes
  3563 | D:5      | Reached XP level 9. HP: 64/68 MP: 9/9
  3658 | D:5      | Reached skill level 8 in Axes
  3692 | D:5      | Reached *** piety under Lugonu
  3816 | D:5      | Gained mutation: You are agile. (Dex +4, Str/Int -1)
                  | [potion of mutation]
  3982 | D:6      | Noticed a kobold demonologist
  4114 | D:6      | Found a transporter.
  4134 | D:6      | Found a transporter.
  4179 | D:6      | Reached skill level 9 in Axes
  4179 | D:6      | Reached skill level 1 in Evocations
  4360 | D:6      | Noticed a kobold demonologist
  4511 | D:6      | Found Zin's Purification Station.
  4518 | D:6      | Found a glowing silver altar of Zin.
  4650 | D:1      | Bought a potion of ambrosia for 96 gold pieces
  4650 | D:1      | Bought 2 potions of heal wounds for 120 gold pieces
  4863 | D:6      | Got Sif Muna's Codex of Arcane Weapons and Portals
  4947 | D:7      | Found a staircase to the Ecumenical Temple.
  5186 | D:7      | Reached XP level 10. HP: 76/76 MP: 10/10
  5254 | D:7      | Got Sif Muna's Quarto of Misfortune
  5560 | D:7      | Reached **** piety under Lugonu
  5583 | D:8      | Reached skill level 10 in Axes
  5670 | D:8      | Found a staircase to the Lair.
  6261 | D:8      | Found Vuecedum's Armour Shoppe.
  6745 | D:9      | Reached skill level 1 in Throwing
  6755 | D:9      | Reached skill level 1 in Stealth
  6759 | D:9      | Reached skill level 11 in Axes
  6856 | D:9      | Noticed Erica
  6875 | D:9      | Killed Erica
  6875 | D:9      | Reached ***** piety under Lugonu
  6876 | D:9      | Reached XP level 11. HP: 64/83 MP: 11/11
  7222 | D:9      | Found Zaguwk's Superior Scales.
  7318 | D:10     | Entered Level 10 of the Dungeon
  7329 | D:10     | Reached skill level 5 in Evocations
  7526 | D:10     | Noticed a two-headed ogre
  7540 | D:10     | Killed a two-headed ogre
  7541 | D:10     | Reached skill level 1 in Invocations
  7747 | D:10     | Reached skill level 12 in Axes
  8037 | D:10     | Noticed a manticore
  8054 | D:10     | Killed a manticore
  8329 | D:11     | Noticed Gastronok
  8356 | D:11     | Killed Gastronok
  8389 | D:11     | Noticed a two-headed ogre
  8414 | D:11     | Killed a two-headed ogre
  8439 | D:11     | Noticed a cyclops
  8449 | D:11     | Killed a cyclops
  8560 | D:11     | Noticed a red ugly thing
  8575 | D:11     | Killed a red ugly thing
  8576 | D:11     | Reached XP level 12. HP: 65/91 MP: 14/14
  8646 | D:11     | Identified the +0 long sword of Ashenzari, Threshing
                  | {freeze, rN+ Str+4}
  8672 | D:11     | Found a gate leading to a gauntlet.
  8672 | D:11     | Identified the +0 arbalest of the Smoking Soothsayer
                  | {antimagic, rPois Int+3}
  8905 | Gauntlet | Entered a Gauntlet
  8905 | Gauntlet | Found a transporter.
  8905 | Gauntlet | Found a transporter.
  8905 | Gauntlet | Found a transporter.
  8905 | Gauntlet | Found a transporter.
  8909 | Gauntlet | Found a transporter.
  8915 | Gauntlet | Noticed a hell hog
  8921 | Gauntlet | Found a transporter.
  8923 | Gauntlet | Found a transporter.
  8935 | Gauntlet | Found a transporter.
  8943 | Gauntlet | Found a transporter.
  8960 | Gauntlet | Found a transporter.
  8968 | Gauntlet | Found a transporter.
  8971 | Gauntlet | Noticed a death scarab
  8985 | Gauntlet | Found a transporter.
  9129 | Gauntlet | HP: 1/91 [wolf spider simulacrum (12)]
  9136 | Gauntlet | HP: 1/91 [wolf spider simulacrum (5)]
  9217 | Gauntlet | Identified the +5 shortbow of Ofon {heavy, ^Contam rC+ rN+}
  9234 | Gauntlet | Killed a hell hog
  9235 | Gauntlet | Reached skill level 5 in Invocations
  9435 | Gauntlet | Noticed a minotaur
  9452 | Gauntlet | Killed a minotaur
  9741 | D:12     | Found a staircase to the Orcish Mines.
  9974 | D:12     | Noticed a two-headed ogre
  9993 | D:12     | Killed a two-headed ogre
  9994 | D:12     | Reached skill level 13 in Axes
 10445 | D:12     | Noticed Jorgrun
 10470 | D:12     | Killed Jorgrun
 11107 | D:13     | Noticed an arcanist
 11118 | D:13     | Killed an arcanist
 11266 | D:13     | Reached skill level 5 in Throwing
 11410 | D:13     | Reached XP level 13. HP: 88/98 MP: 17/17
 11463 | D:13     | Noticed a centaur warrior
 11463 | D:13     | Noticed a centaur warrior
 11473 | D:13     | Killed a centaur warrior
 11480 | D:13     | Killed a centaur warrior
 11709 | D:14     | Noticed a catoblepas
 11735 | D:14     | Killed a catoblepas
 11736 | D:14     | Reached skill level 14 in Axes
 12186 | D:14     | Noticed a five-headed hydra
 12193 | D:14     | Killed a one-headed hydra
 12231 | D:14     | Found a gate to the Vaults.
 12231 | D:14     | Noticed a vault guard
 12231 | D:14     | Noticed a centaur warrior
 12231 | D:14     | Noticed a vault guard
 12231 | D:14     | Noticed a vault guard
 12231 | D:14     | Noticed a vault guard
 12234 | D:14     | Corrupted D:14
 12234 | D:14     | Noticed a cacodemon
 12239 | D:14     | Killed a vault guard
 12240 | D:14     | Killed a vault guard
 12242 | D:14     | Killed a centaur warrior
 12243 | D:14     | Killed a vault guard
 12243 | D:14     | Slain by a vault guard

Illustrated notes

Levels and vault maps discovered:
D:1:      kilobyte_arrival_exit_the_forest, layout_loops_corners,
          hellmonk_ecumenical_altar_zigzags, serial_shops,
          nicolae_shop_industrial_runoff, hex_large
D:2:      layout_rooms, basic_altar, uniq_robin
D:3:      layout_basic, gammafunk_ghost_split, uniq_sigmund
D:4:      layout_rooms, kennysheep_crisscross, uniq_natasha
D:5:      layout_cave_pools
D:6:      gammafunk_wand_slinger, layout_rooms, zin_purify,
          ebering_dispersal_statue_hall, hangedman_decor_push, st_stairs_5
D:7:      layout_cave_pools, minmay_temple_entry_statues_pillars
D:8:      layout_basic, erik_lair_orcish_takeover, serial_shops, shop,
          serial_library_hellmonk_room_c
D:9:      layout_roguey, minmay_variable_closet, grunt_decor_fettered,
          hellmonk_scale_shop, uniq_erica
D:10:     layout_grid_maze
D:11:     layout_rooms, gauntlet_entry_generic, uniq_gastronok
D:12:     layout_roguey, erik_orc_2, serial_bayou, serial_bayou_crossing,
          serial_bayou_pond_d, serial_bayou_lake_a, serial_bayou_lagoon_b,
          serial_bayou_shore_b, hex_medium, uniq_jorgrun
D:13:     layout_basic
D:14:     layout_gridville, lightli_vaults_fourway_checkpoint,
          nicolae_uskayaw_suspiria, palyth_stone_intersect

Skill      XL: |  1  2  3  4  5  6  7  8  9 10 11 12 13 |
---------------+----------------------------------------+-----
Armour         | 4 5 6 7 8 |  8.4
Long Blades    | 3 |  3.1
Fighting       | 4 5 6 7 8 |  8.8
Axes           | 3 5 7 9 11 12 13 14 | 14.4
Dodging        | 1 2 3 |  3.5
Shields        | 5 6 7 8 9 |  9.6
Evocations     | 2 4 5 |  5.2
Throwing       | 1 3 5 6 |  6.0
Stealth        | 1 2 |  2.7
Invocations    | 3 6 7 |  7.3

Action                     |  1- 3 |  4- 6 |  7- 9 | 10-12 | 13-15 || total
---------------------------+-------+-------+-------+-------+-------++-------
  Melee: Long sword        |   108 |    71 |       |       |       ||   179
         Hand axe          |       |    72 |   318 |   501 |       ||   891
         Battleaxe         |       |       |       |   103 |    74 ||   177
         Scimitar          |       |       |       |     5 |       ||     5
  Throw: Dart              |       |       |       |    14 |     2 ||    16
         Throwing net      |       |       |       |     1 |       ||     1
 Invoke: Depart the Abyss  |       |     1 |       |       |       ||     1
         Banish            |       |       |       |     1 |       ||     1
         Corrupt           |       |       |       |       |     1 ||     1
Ability: Dig               |       |     2 |       |       |       ||     2
  Evoke: Wand              |       |       |       |     8 |     1 ||     9
    Use: Potion            |       |     3 |     1 |     6 |     2 ||    12
         Scroll            |       |       |    10 |     3 |       ||    13
   Stab: Held in net/web   |       |       |       |     2 |       ||     2
 Armour: Scale mail        |    74 |    58 |       |       |       ||   132
         Chain mail        |       |    41 |   172 |   326 |    94 ||   633
  Dodge: Dodged            |    57 |    41 |   132 |   365 |    41 ||   636
  Block: Buckler           |    31 |    42 |   118 |   280 |    64 ||   535
         Reflection        |       |       |       |       |     5 ||     5
